[Event "Late-Titled-Tuesday-Blitz-June-25-2024"]
[Site "Chess.com"]
[Date "2024.06.25"]
[Round "2"]
[White "SujanaLohani"]
[Black "Niktlt"]
[Result "1-0"]
[WhiteElo "2292"]
[BlackElo "2561"]
[TimeControl "180+1"]
[EndTime "14:16:05 PDT"]
[Termination "SujanaLohani won by checkmate"]

1. e4 c5 2. Nf3 d6 3. d4 cxd4 4. Nxd4 Nf6 5. Nc3 a6 6. h3 e5 7.
Nf3 Be7 8. g4 h6 9. Rg1 Nc6 10. g5 hxg5 11. Nxg5 Be6 12. Nxe6 fxe6 13. Rxg7 Qd7 14. Bg5 O-O-O 15. Bxf6 Rhf8 16. Bxe7 Nxe7 17. Qd2 d5 18. exd5 exd5 19. Be2 Kb8 20. Bg4 Qc6 21.
Rxe7 d4 22. O-O-O dxc3 23. Qxc3 Qh6+ 24. Rd2 Ka8 25. Qe3 Qxe3 26. fxe3 Rf1+ 27. Rd1 Rdxd1+ 28. Bxd1 Rh1 29. Rxe5 Rxh3 30. Kd2 Kb8 31. Be2 Kc7 32. Rd5 Kc6 33. Rd4 b5 34. e4 Kc5 35. Rd5+ Kc6 36. Bd3 Rh2+ 37. Kc3 Rh3 38. Kd4 Rh8 39.
a4 bxa4 40. Bxa6 Ra8 41. Bb5+ Kb6 42. c4 a3 43. Rd6+ Kc7 44. Rc6+ Kb7 45. bxa3 Rxa3 46. Rf6 Kc7 47. Kc5 Rh3 48. e5 Rh5 49. Rf7+ Kd8 50. Kd6 Rh6+ 51. e6 Rh8 52. e7+ Kc8 53. Rf8+ Kb7 54. Rxh8 Kb6 55. e8=Q Ka5 56. Qe1+ Kb6 57. Qb4 Ka7 58. c5 Kb7 59. c6+ Ka7 60. c7 Kb6 61.
Rb8+ Ka7 62. Qa5# 1-0

[Event "Late-Titled-Tuesday-Blitz-June-25-2024"]
[Site "Chess.com"]
[Date "2024.06.25"]
[Round "2"]
[White "protectiago"]
[Black "vanyakuba"]
[Result "0-1"]
[WhiteElo "2128"]
[BlackElo "2466"]
[TimeControl "180+1"]
[EndTime "14:16:05 PDT"]
[Termination "vanyakuba won by resignation"]

1. d4 Nf6 2. c4 Nc6 3. g3 e5 4. d5 Ne7 5. Bg2 Ng6 6. e4 Bc5 7. h3 a5 8. Ne2 d6 9. O-O O-O 10.
Nbc3 Bd7 11. Kh2 a4 12. f4 exf4 13. Bxf4 Nxf4 14. Nxf4 Qe7 15. Nd3 Bd4 16. Qf3 a3 17. Rae1 axb2 18. Nxb2 Ra3 19. Nbd1 Qe5 20. Re3 Bxe3 21.
Qxe3 Bg4 22. Qc1 Rfa8 23. Nb5 Qxg3+ 24. Kg1 Bxh3 25. Rf2 Rxa2 26. Qe3 Qxe3 27. Nxe3 Rxf2 28. Kxf2 Ra2+ 29. Kg3 Bxg2 30. Nxg2 Nxe4+ 31. Kf3 Nd2+ 32. Kg3 Nxc4 33. Nxc7 0-1

[Event "Late-Titled-Tuesday-Blitz-June-25-2024"]
[Site "Chess.com"]
[Date "2024.06.25"]
[Round "2"]
[White "Danito1954"]
[Black "AlexOstrovskiy"]
[Result "1-0"]
[WhiteElo "2497"]
[BlackElo "2705"]
[TimeControl "180+1"]
[EndTime "14:16:06 PDT"]
[Termination "Danito1954 won by resignation"]

1. e4 d5 2. exd5 Nf6 3. Nc3 Nxd5 4. Bc4 Nb6 5. Bb3 Nc6 6. Nf3 Bf5 7. O-O e6 8. d4 Be7 9. Re1 O-O 10. h3 h6 11.
a4 a5 12. Bf4 Bf6 13. Nb5 Rc8 14. c3 Ne7 15. Ne5 Nbd5 16. Bg3 Bh7 17. Qe2 Nf5 18. Bh2 c6 19. Na3 Bg5 20. Rad1 Re8 21. Nac4 b5 22. Nd2 b4 23. Ne4 Be7 24. c4 Nf6 25. Nxf6+ Bxf6 26. c5 Nxd4 27. Qc4 Nxb3 28. Rxd8 Rcxd8 29. Qxb3 Rd2 30. Bg3 Red8 31. Nxf7 Bf5 32. Nxd8 Rxd8 33. Rxe6 Bxe6 34. Qxe6+ Kh8 35. Qxc6 1-0

[Event "Late-Titled-Tuesday-Blitz-June-25-2024"]
[Site "Chess.com"]
[Date "2024.06.25"]
[Round "2"]
[White "chesspingvin1995"]
[Black "AldokhinIvan"]
[Result "0-1"]
[WhiteElo "2210"]
[BlackElo "2659"]
[TimeControl "180+1"]
[EndTime "14:16:08 PDT"]
[Termination "AldokhinIvan won by resignation"]

1. e4 c5 2. Nf3 e6 3. d4 cxd4 4. Nxd4 a6 5. Nc3 Qc7 6. Bd3 Nf6 7. O-O d6 8. Be3 b5 9. a3 Bb7 10. f3 Nbd7 11. Qd2 Be7 12. Rad1 Ne5 13. Be2 O-O 14.
Kh1 Rfd8 15. Bf4 Ng6 16. Bg3 Nh5 17. Bf2 Nhf4 18. g3 Nxe2 19. Qxe2 Rac8 20. h4 Ne5 21. Kg2 Nc4 22. b3 Nxa3 23. Na2 Nxc2 24. Rc1 Nxd4 25. Rxc7 Nxe2 26. Rxe7 Ba8 27. Ra7 d5 28. exd5 Rxd5 29.
Nb4 Rf5 30. Be3 Nc3 31. Rxa6 h5 32. Rfa1 Bxf3+ 33. Kh2 Nd5 34. Nxd5 Rc2+ 0-1

[Event "Late-Titled-Tuesday-Blitz-June-25-2024"]
[Site "Chess.com"]
[Date "2024.06.25"]
[Round "2"]
[White "maximnovik"]
[Black "LewAnatol"]
[Result "1/2-1/2"]
[WhiteElo "2500"]
[BlackElo "2284"]
[TimeControl "180+1"]
[EndTime "14:16:08 PDT"]
[Termination "Game drawn by repetition"]

1. e4 c5 2. Nf3 e6 3. c3 Nf6 4. e5 Nd5 5. d4 cxd4 6. cxd4 d6 7.
a3 Bd7 8. Bd3 Bc6 9. O-O Nd7 10.
Re1 dxe5 11. dxe5 a5 12. Nd4 Bc5 13. Nxc6 bxc6 14. Qg4 Kf8 15. Nd2 Qb6 16. Ne4 Nxe5 17. Qg3 Nxd3 18. Qxd3 Be7 19. Be3 Nxe3 20. Rxe3 Rd8 21.
Qc2 h5 22. Rae1 h4 23. Rc3 h3 24. g3 Rc8 25. Rc1 c5 26. Nxc5 Bxc5 27. Rxc5 Rxc5 28.
Qxc5+ Qxc5 29. Rxc5 Ke7 30. Rxa5 Rc8 31. Kf1 Rc1+ 32.
Ke2 Rc2+ 33. Kf3 Rxb2 34. Ra8 Kf6 35. a4 Ra2 36. a5 g5 37. a6 Kf5 38. g4+ Kf6 39.
Kg3 Ra3+ 40. f3 e5 41. Rh8 Kg7 42. Ra8 e4 43. Kf2 Rxf3+ 44. Ke2 Ra3 45. a7 Kh7 46. Kf2 Kg7 47. Ke2 Kh7 48. Kf2 Kg7 49. Ke2 1/2-1/2

[Event "Late-Titled-Tuesday-Blitz-June-25-2024"]
[Site "Chess.com"]
[Date "2024.06.25"]
[Round "2"]
[White "TheDevilAdvisoR"]
[Black "Greguer"]
[Result "0-1"]
[WhiteElo "2504"]
[BlackElo "2325"]
[TimeControl "180+1"]
[EndTime "14:16:09 PDT"]
[Termination "Greguer won by resignation"]

1. f4 e5 2. fxe5 d6 3. exd6 Bxd6 4.
Nf3 g5 5. g3 h5 6. d4 h4 7.
Bxg5 f6 8. Bxh4 Bg4 9. Nbd2 Nc6 10. c3 Qe7 11. Qa4 O-O-O 12. d5 Bxf3 13. Nxf3 Ne5 14. Bh3+ Kb8 15. Be6 Nh6 16. Nxe5 Bxe5 17. O-O-O Nf7 18. Rhf1 Ng5 19. Bf5 Rd6 20. e4 Rhd8 21.
Bxg5 fxg5 22. Be6 Qh7 23. Rd2 Qh8 24. Qc2 a6 25. Rdf2 Qe8 26. c4 Rb6 27. c5 Rxb2 28.
Qxb2 Bxb2+ 29. Rxb2 Qa4 30. Bf5 Qc4+ 31. Kd2 Qxf1 0-1

[Event "Late-Titled-Tuesday-Blitz-June-25-2024"]
[Site "Chess.com"]
[Date "2024.06.25"]
[Round "2"]
[White "JEHUBNER"]
[Black "Laico"]
[Result "0-1"]
[WhiteElo "1973"]
[BlackElo "2438"]
[TimeControl "180+1"]
[EndTime "14:16:09 PDT"]
[Termination "Laico won by resignation"]

1. e4 e6 2. d4 d5 3. exd5 exd5 4. Nf3 Nc6 5. Bd3 Bg4 6. c3 Bd6 7. O-O Qd7 8. Re1+ Nge7 9. Bg5 f6 10. Bh4 g5 11.
Bg3 O-O-O 12. b4 h5 13. b5 Na5 14. Qa4 b6 15. Nbd2 Kb8 16. c4 Bxg3 17. hxg3 dxc4 18. Nxc4 Nxc4 19. Bxc4 h4 20. Be2 hxg3 21. fxg3 Nd5 22. Rac1 Rde8 23. Kf2 Ne3 24. Rc6 Bf5 25. Rec1 Ng4+ 26. Kf1 Rh1+ 27. Ng1 Qe7 28. Qc4 Nh2+ 29. Kf2 Qe3+ 0-1

[Event "Late-Titled-Tuesday-Blitz-June-25-2024"]
[Site "Chess.com"]
[Date "2024.06.25"]
[Round "2"]
[White "JanistanTV"]
[Black "dasatcu90"]
[Result "1-0"]
[WhiteElo "2677"]
[BlackElo "2285"]
[TimeControl "180+1"]
[EndTime "14:16:10 PDT"]
[Termination "JanistanTV won on time"]

1. d4 d5 2. c4 c6 3. Nc3 Nf6 4. e3 a6 5. Nf3 b5 6. b3 Bg4 7.
Bd2 e6 8. h3 Bxf3 9. Qxf3 Bd6 10. Bd3 Nbd7 11. O-O O-O 12. Rfc1 Rc8 13. a4 b4 14. Ne2 a5 15. Rc2 e5 16. cxd5 cxd5 17. Rxc8 Qxc8 18. dxe5 Nxe5 19. Qf5 Nxd3 20. Qxd3 Rd8 21.
Rc1 Qb8 22. Qa6 Ne4 23. Be1 Bh2+ 24. Kf1 Bc7 25. Nd4 Bb6 26. Nc6 Qc7 27. Nxd8 Qxc1 28. Qxb6 h5 29. Qd4 Qb1 30. Qxd5 Nc3 31. Qxf7+ Kh7 32. Qc4 1-0

[Event "Late-Titled-Tuesday-Blitz-June-25-2024"]
[Site "Chess.com"]
[Date "2024.06.25"]
[Round "2"]
[White "Hikaru"]
[Black "Mikhail_Golubev"]
[Result "1-0"]
[WhiteElo "3227"]
[BlackElo "2654"]
[TimeControl "180+1"]
[EndTime "14:16:13 PDT"]
[Termination "Hikaru won on time"]

1. d4 Nf6 2. Bg5 Ne4 3. Bf4 c5 4. f3 Qa5+ 5. c3 Nf6 6. d5 Qb6 7. Bc1 e6 8. e4 exd5 9. e5 Qe6 10. Qe2 Ng8 11. Na3 Nc6 12. Bf4 f6 13. Nb5 Kd8 14. exf6 Qxe2+ 15. Nxe2 Nxf6 16. O-O-O a6 17. Bc7+ Ke8 18. Nd6+ Bxd6 19. Bxd6 b6 20. Bc7 b5 21.
Bd6 c4 22. Nf4 d4 23. cxd4 Kf7 24. d5 Ne7 25. g3 Bb7 26. Bh3 Nexd5 27. Rd4 Bc6 28.
g4 h6 29. Rhd1 Nxf4 30. Rxf4 Rhe8 31. Bc5 Re6 32. g5 hxg5 33. Bxe6+ Kxe6 34. Rd6+ Kf7 35. Rf5 Rh8 36. Bd4 Ke7 37. Bc5 Kf7 38. Rxg5 Rxh2 39.
Bd4 Rh1+ 40. Kc2 Ke7 41. Be5 Ne8 42. Rd2 Rf1 43. Bxg7 Rxf3 44. Re2+ 1-0

[Event "Late-Titled-Tuesday-Blitz-June-25-2024"]
[Site "Chess.com"]
[Date "2024.06.25"]
[Round "2"]
[White "Msb2"]
[Black "GMChessrob"]
[Result "1-0"]
[WhiteElo "3083"]
[BlackElo "2634"]
[TimeControl "180+1"]
[EndTime "14:16:16 PDT"]
[Termination "Msb2 won by resignation"]

1. d4 d5 2. c4 e6 3. Nc3 Be7 4.
cxd5 exd5 5. Bf4 c6 6. e3 Bf5 7. f3 Nd7 8. e4 dxe4 9. fxe4 Bg6 10. Bd3 Ngf6 11. Nge2 c5 12. d5 Ng4 13. O-O Nge5 14. Bxe5 Nxe5 15. Bb5+ Kf8 16. Nf4 Kg8 17. Kh1 Bd6 18. Be2 a6 19. a4 b6 20. Qd2 Qe7 21.
Rae1 h6 22. Bh5 Bxh5 23. Nxh5 Kh7 24. Qf4 Raf8 25. Qf5+ g6 26. Nf6+ Kg7 27. Qh3 h5 28.
g3 Ng4 29. Nxg4 hxg4 30. Qxg4 Be5 31. Kg2 b5 32. axb5 axb5 33. Nd1 Rh5 34. Ne3 Kh6 35. Re2 c4 36. Ref2 Qg5 37. Qxg5+ Rxg5 38. Rxf7 Rxf7 39. Rxf7 Bxb2 40. d6 Be5 41. d7 Bc7 42. e5 c3 43. h4 Rf5 44. Nxf5+ gxf5 45. Rf6+ Kg7 46. Rc6 1-0

[Event "Late-Titled-Tuesday-Blitz-June-25-2024"]
[Site "Chess.com"]
[Date "2024.06.25"]
[Round "2"]
[White "legendisback1"]
[Black "Bykov_Egor"]
[Result "1-0"]
[WhiteElo "3011"]
[BlackElo "2615"]
[TimeControl "180+1"]
[EndTime "14:16:16 PDT"]
[Termination "legendisback1 won by resignation"]

1. d4 Nf6 2. Nc3 d5 3. Bf4 c5 4. e4 cxd4 5. Qxd4 Nc6 6. Bb5 Bd7 7. Bxc6 Bxc6 8. e5 Ne4 9. e6 Nxc3 10. exf7+ Kxf7 11. bxc3 Qb6 12. Qd3 e5 13. Qf5+ Ke8 14. Qxe5+ Be7 15. Bg5 Qc5 16. Qxg7 Kd7 17. Qxe7+ Qxe7+ 18. Bxe7 Kxe7 19. f3 Rhg8 20. Kf2 Ba4 21. Rd1 Rg5 22.
Rd2 Bb5 23. Ne2 Rc8 24. Nf4 Bc4 25. Re1+ Kd6 26. Re6+ Kc5 27. Rh6 d4 28. Rxd4 Kb5 29.
Rxh7 Bxa2 30. Rxb7+ Ka6 31. Rb2 Bf7 32. Ra4+ Ra5 33.
Rxa5+ Kxa5 34. Rb7 1-0

[Event "Late-Titled-Tuesday-Blitz-June-25-2024"]
[Site "Chess.com"]
[Date "2024.06.25"]
[Round "2"]
[White "Flaccidmoves"]
[Black "Fore_Man"]
[Result "0-1"]
[WhiteElo "2536"]
[BlackElo "2202"]
[TimeControl "180+1"]
[EndTime "14:16:16 PDT"]
[Termination "Fore_Man won by checkmate"]

1. d4 Nf6 2. c4 e6 3. g3 d5 4. Bg2 dxc4 5. Nf3 c5 6. O-O Nc6 7. dxc5 Qxd1 8. Rxd1 Bxc5 9. Nbd2 c3 10. bxc3 O-O 11. Nb3 Be7 12. Nfd4 Nxd4 13. cxd4 Rb8 14. Bf4 Ra8 15. Rac1 Nd5 16. Bd2 Ba3 17. Rc2 b6 18. e4 Nf6 19. Rc7 Ba6 20. Bg5 Rfc8 21. Rxc8+ Rxc8 22. d5 exd5 23. exd5 Bd6 24. Bxf6 gxf6 25. Nd4 Be5 26. Nf5 Kf8 27. d6 Rd8 28. Bc6 Bc4 29.
f4 Bb2 30. Bd5 Ba6 31. Bb3 Ba3 32. g4 Bc5+ 33. Kg2 Be2 34. Re1 Bxg4 35. Nh6 Bh5 36. Nf5 Bg6 37. Ne7 Bxd6 38. Nxg6+ hxg6 39. Kg3 g5 40. Kg4 Bxf4 41. h4 Rd7 42. h5 Kg7 43. Kf5 Be5 44. Rh1 Rd4 45. h6+ Kf8 46. h7 Rf4# 0-1

[Event "Late-Titled-Tuesday-Blitz-June-25-2024"]
[Site "Chess.com"]
[Date "2024.06.25"]
[Round "2"]
[White "Hamisandwich"]
[Black "Hananmo"]
[Result "0-1"]
[WhiteElo "2744"]
[BlackElo "2556"]
[TimeControl "180+1"]
[EndTime "14:16:17 PDT"]
[Termination "Hananmo won by checkmate"]

1. e4 c5 2. Nc3 Nc6 3. Bb5 Nd4 4. Nf3 Nxb5 5. Nxb5 a6 6. Nc3 b5 7. d4 cxd4 8. Qxd4 e6 9. O-O Bb7 10. Bf4 Rc8 11.
Rfe1 Nf6 12. Qa7 Bc6 13. Rad1 Nh5 14. Be5 Be7 15. Nd5 Bxd5 16. exd5 Rxc2 17. dxe6 fxe6 18. Nd4 Bc5 19. Qxa6 Bxd4 20. Bxd4 O-O 21. Qxb5 Qh4 22. Qxd7 Rfxf2 23. Qxe6+ Rf7 24. Rf1 Nf4 25. Qb3 Rxg2+ 26. Kh1 Qxh2# 0-1

[Event "Late-Titled-Tuesday-Blitz-June-25-2024"]
[Site "Chess.com"]
[Date "2024.06.25"]
[Round "2"]
[White "Zapateado"]
[Black "whiteglovethief"]
[Result "1-0"]
[WhiteElo "2392"]
[BlackElo "2593"]
[TimeControl "180+1"]
[EndTime "14:16:17 PDT"]
[Termination "Zapateado won by resignation"]

1. c4 c5 2. Nc3 g6 3. g3 Bg7 4. Bg2 Nc6 5. d3 e6 6. e4 Nge7 7. Nge2 O-O 8. O-O h6 9. Be3 Nd4 10. Rb1 d6 11. b4 Rb8 12. Qd2 Kh7 13. f4 f5 14. Bf2 b6 15. Nxd4 cxd4 16. Ne2 e5 17. a4 Bb7 18. Rfc1 fxe4 19. dxe4 Ng8 20. g4 Nf6 21. Ng3 Nxg4 22. f5 Qh4 23. h3 Nxf2 24. Qxf2 gxf5 25. Nxf5 Qxf2+ 26. Kxf2 Bc8 27. Kg3 Rxf5 28. exf5 Bxf5 29. Rb3 e4 30. Rf1 Be5+ 31. Kh4 Kg6 32. Rg1 Kf6 33. Rf1 Ke6 34. Rb2 e3 35. Bd5+ Ke7 36. Rxf5 d3 37. Rf7+ 1-0

[Event "Late-Titled-Tuesday-Blitz-June-25-2024"]
[Site "Chess.com"]
[Date "2024.06.25"]
[Round "2"]
[White "pirulillo"]
[Black "MatthewG-p4p"]
[Result "0-1"]
[WhiteElo "2417"]
[BlackElo "2915"]
[TimeControl "180+1"]
[EndTime "14:16:19 PDT"]
[Termination "MatthewG-p4p won by resignation"]

1. e4 e6 2. d3 d5 3. Nd2 Nf6 4.
Ngf3 c5 5. g3 Be7 6. Bg2 O-O 7.
O-O Nc6 8. e5 Nd7 9. Re1 Qc7 10.
Qe2 b5 11. Nf1 Bb7 12. Bf4 Rfc8 13. c3 a5 14. h4 a4 15. a3 b4 16. N1h2 bxc3 17.
bxc3 Ba6 18. Bf1 Rab8 19. Ng5 h6 20. Qh5 hxg5 21. hxg5 Ndxe5 22. d4 Bxf1 23. Kxf1 cxd4 24. cxd4 Bd6 25. dxe5 Bxe5 26. Rxe5 Nxe5 27. g6 Qc4+ 28. Kg1 Nxg6 29. Bxb8 Rxb8 30. Nf3 Qc7 31. Kg2 Nf8 32.
Rh1 f6 33. g4 e5 34. g5 e4 35.
Nd4 Qf4 36. Qh8+ Kf7 37. g6+ Nxg6 38. Qh3 Qe5 39. Ne2 Qg5+ 40. Kh2 Rh8 0-1

[Event "Late-Titled-Tuesday-Blitz-June-25-2024"]
[Site "Chess.com"]
[Date "2024.06.25"]
[Round "2"]
[White "dennisodessa"]
[Black "Chess_Star1234"]
[Result "1-0"]
[WhiteElo "2657"]
[BlackElo "2393"]
[TimeControl "180+1"]
[EndTime "14:16:21 PDT"]
[Termination "dennisodessa won by resignation"]

1. d4 d5 2. c4 e6 3. Nc3 Be7 4. cxd5 exd5 5. Bf4 c6 6. e3 Bf5 7. g4 Bg6 8. h4 h5 9. Be2 hxg4 10. Bxg4 Rxh4 11.
Rxh4 Bxh4 12. Nf3 Be7 13. Ne5 Nf6 14. Nxg6 fxg6 15. Qd3 Kf7 16. Bh3 Qh8 17. Qf1 Qh5 18.
Qg2 Nbd7 19. Kd2 Rh8 20. Rh1 Kf8 21. f3 Nb6 22. Ne2 Nc4+ 23. Kc1 Qh7 24. b3 Nd6 25.
Bg5 Nf5 26. Nf4 Ke8 27. Bxf6 Bxf6 28. Nxg6 Nh4 29. Nxh4 Bxh4 30. Qg4 Qd3 31. Qc8+ Kf7 32. Qxb7+ Kf6 33. Qxc6+ Ke7 34. Qe6+ Kf8 35. Qf5+ Bf6 36. Qxd3 1-0

[Event "Late-Titled-Tuesday-Blitz-June-25-2024"]
[Site "Chess.com"]
[Date "2024.06.25"]
[Round "2"]
[White "enriquebutti"]
[Black "Viktoker"]
[Result "0-1"]
[WhiteElo "2179"]
[BlackElo "2473"]
[TimeControl "180+1"]
[EndTime "14:16:22 PDT"]
[Termination "Viktoker won by resignation"]

1. d4 f5 2. Nf3 Nf6 3. g3 g6 4. Bg2 Bg7 5. O-O O-O 6. c4 d6 7. Nc3 e6 8. Re1 Ne4 9. Nxe4 fxe4 10. Ng5 d5 11. cxd5 exd5 12. f3 Nc6 13. fxe4 dxe4 14.
d5 Ne5 15. Nxe4 Bf5 16. Bg5 Qe8 17. d6 Ng4 18. Qd5+ Kh8 19. dxc7 h6 20. Bd8 Qa4 21. e3 Re8 22. Nd6 Rxe3 23. Nxf5 gxf5 24.
Qxf5 Qd4 25. Rxe3 Qxe3+ 26. Kh1 Nf2+ 27. Kg1 Nd3+ 28. Kf1 Rc8 29. Be4 Kg8 30. Bxd3 Bd4 31.
Qg6+ Kf8 32. Qxh6+ Qxh6 0-1

[Event "Late-Titled-Tuesday-Blitz-June-25-2024"]
[Site "Chess.com"]
[Date "2024.06.25"]
[Round "2"]
[White "Patricius007"]
[Black "sergiochess83"]
[Result "0-1"]
[WhiteElo "2581"]
[BlackElo "2835"]
[TimeControl "180+1"]
[EndTime "14:16:23 PDT"]
[Termination "sergiochess83 won by resignation"]

1. e4 e6 2. Qe2 c5 3. Nf3 Nc6 4.
g3 d6 5. Bg2 Nf6 6. O-O Be7 7.
c3 e5 8. d4 cxd4 9. cxd4 Bg4 10. dxe5 dxe5 11. Qe3 O-O 12. h3 Bxf3 13. Bxf3 Nd4 14.
Bd1 Bc5 15. Qe1 Qd7 16. Kg2 Qc6 17. Nc3 Bb4 18. f3 Nh5 19. a3 Bxc3 20. Qxc3 Qg6 21.
Qe1 Rac8 22. Qf2 Rxc1 23. Rxc1 Nf4+ 24. Kh2 Qh6 25. gxf4 Qxf4+ 26. Qg3 Qxc1 27. Qxe5 Qxb2+ 28. Kg3 Ne2+ 0-1

[Event "Late-Titled-Tuesday-Blitz-June-25-2024"]
[Site "Chess.com"]
[Date "2024.06.25"]
[Round "2"]
[White "Rakitic2010"]
[Black "NowInChess"]
[Result "1-0"]
[WhiteElo "2478"]
[BlackElo "2208"]
[TimeControl "180+1"]
[EndTime "14:16:23 PDT"]
[Termination "Rakitic2010 won by resignation"]

1. e4 e6 2. d3 d5 3. Nf3 Nf6 4.
Nbd2 Nc6 5. Be2 dxe4 6. dxe4 e5 7. c3 a5 8. O-O Bc5 9. Qc2 O-O 10. Nc4 Qe7 11.
Bg5 h6 12. Bh4 Bg4 13. h3 Bxf3 14. Bxf3 b5 15. Ne3 Bxe3 16. fxe3 g5 17. Bg3 Kg7 18.
Be2 Qc5 19. Rf3 Nh5 20. Bh2 Nf4 21. Raf1 Nxe2+ 22. Qxe2 f6 23. h4 Rad8 24. hxg5 hxg5 25. Rh3 Rh8 26. Qf3 Qd6 27. Rg3 Qe6 28. Qe2 Rh4 29.
Rgf3 Rdh8 30. Rxf6 Qxf6 31. Rxf6 Kxf6 32. Qxb5 Ne7 33. Bxe5+ Kf7 34. Bxh8 Rxh8 35. Qxg5 Rg8 36. Qxa5 c6 37. Qh5+ Ke6 38. a4 Ng6 39. a5 Ne5 40. a6 Ra8 41. Qf5+ Kd6 42. Qf6+ 1-0

[Event "Late-Titled-Tuesday-Blitz-June-25-2024"]
[Site "Chess.com"]
[Date "2024.06.25"]
[Round "2"]
[White "HanSchut"]
[Black "simplerXiao"]
[Result "0-1"]
[WhiteElo "2227"]
[BlackElo "2486"]
[TimeControl "180+1"]
[EndTime "14:16:27 PDT"]
[Termination "simplerXiao won by checkmate"]

1. e4 g6 2. d4 Bg7 3. Nc3 d6 4. f4 c6 5. Nf3 Nf6 6. Bd3 b5 7. e5 Nfd7 8. Qe2 b4 9. Ne4 d5 10. Neg5 e6 11. Bd2 a5 12. a3 h6 13. Nxf7 Kxf7 14. Nh4 Nf8 15. Nxg6 Nxg6 16. Qh5 Qf8 17. axb4 a4 18. O-O Ke7 19. Bxg6 Kd8 20. f5 exf5 21. Bxf5 Bxf5 22. Rxf5 Qe8 23. Rf7 Ra7 24. Raf1 Rf8 25. Qh4+ Re7 26. Rxg7 Rxf1+ 27. Kxf1 Qf8+ 28. Qf6 Qxg7 29. Qd6+ Kc8 30. Bxh6 Qf7+ 31. Ke1 Re6 32. Qf8+ Qxf8 33.
Bxf8 Kd7 34. g4 Ke8 35. Bg7 Kf7 36. Bf6 Nd7 37. g5 Nxf6 38. gxf6 Kg6 39. Kf2 Re8 40. Kg3 Kf5 41. Kf3 Rh8 42. Kg3 Ke6 43. h4 c5 44.
bxc5 Rb8 45. c6 Rxb2 46. c4 Rb8 47. cxd5+ Kxd5 48. c7 Rc8 49. f7 a3 50. Kf4 a2 51.
Kg5 a1=Q 52. Kf6 Qxd4 53. Ke7 Qxe5+ 54. Kd7 Qxc7# 0-1

[Event "Late-Titled-Tuesday-Blitz-June-25-2024"]
[Site "Chess.com"]
[Date "2024.06.25"]
[Round "2"]
[White "TheoSlade"]
[Black "AlexKhripachenko"]
[Result "0-1"]
[WhiteElo "2491"]
[BlackElo "2819"]
[TimeControl "180+1"]
[EndTime "14:16:29 PDT"]
[Termination "AlexKhripachenko won on time"]

1. d4 Nf6 2. c4 e6 3. g3 d5 4. Bg2 dxc4 5. Nf3 c6 6. a4 Bb4+ 7.
Bd2 Be7 8. O-O b5 9. Qc2 Nd5 10.
Nc3 Bb7 11. Nxd5 exd5 12. e4 O-O 13. exd5 cxd5 14. axb5 Nd7 15. Ne5 Bd6 16. Nc6 Qb6 17. Bxd5 Qxb5 18. Ra5 Qb6 19. Ne5 Bxe5 20. dxe5 Rfe8 21.
Bxb7 Qxb7 22. Qxc4 Nxe5 23. Qd5 Qxb2 24. Bf4 Ng6 25.
Be3 a6 26. Rfa1 Qe2 27. Qa2 Qxa2 28. R1xa2 Re6 29. h4 h6 30. h5 Ne5 31. Kg2 Nc4 32. R5a4 Ne5 33. Ra5 Nd7 34. Bd4 f6 35. Kf3 Kf7 36. g4 Rc6 37. Rd5 Nf8 38. Rda5 Ne6 39.
Be3 Nc7 40. Kg3 Re8 41. Rb5 axb5 0-1

[Event "Late-Titled-Tuesday-Blitz-June-25-2024"]
[Site "Chess.com"]
[Date "2024.06.25"]
[Round "2"]
[White "Kielinkei"]
[Black "NigiriSushies"]
[Result "1-0"]
[WhiteElo "2520"]
[BlackElo "2303"]
[TimeControl "180+1"]
[EndTime "14:16:29 PDT"]
[Termination "Kielinkei won on time"]

1. d4 d5 2. c4 c6 3. Nf3 Nf6 4. e3 Nbd7 5. Nc3 e6 6. Be2 dxc4 7. a4 Bd6 8. O-O O-O 9. Bxc4 e5 10. Qc2 exd4 11. exd4 Nb6 12. Bd3 Bg4 13. Ne5 Bh5 14.
Bg5 Bg6 15. Rad1 Re8 16. Rfe1 Be7 17. Bxg6 hxg6 18. Qb3 Nbd5 19. Qxb7 Rb8 20. Qxa7 Qc8 21. Nxd5 cxd5 22. Bxf6 Bxf6 23. Qxf7+ Kh8 24. Nxg6+ Kh7 25. Ne5 Rxb2 26. Qg6+ 1-0

[Event "Late-Titled-Tuesday-Blitz-June-25-2024"]
[Site "Chess.com"]
[Date "2024.06.25"]
[Round "2"]
[White "GoltsevDmitry2000"]
[Black "Jahonas"]
[Result "1-0"]
[WhiteElo "2710"]
[BlackElo "2432"]
[TimeControl "180+1"]
[EndTime "14:16:31 PDT"]
[Termination "GoltsevDmitry2000 won by checkmate"]

1. e4 c6 2. e5 d5 3. exd6 exd6 4. d4 d5 5. Nf3 Nf6 6. c4 Bd6 7. Nc3 O-O 8. Be2 Bg4 9. O-O Re8 10. Bg5 dxc4 11. Bxc4 Bh5 12. h3 Nbd7 13. a3 a5 14. Rc1 Bg6 15. Re1 Rxe1+ 16. Qxe1 Qb6 17. Na4 Qa7 18. Ba2 Re8 19. Qd1 Ne4 20. Be3 Qb8 21.
d5 c5 22. Nc3 b5 23. Nxe4 Bxe4 24. Ng5 Bg6 25. h4 c4 26. h5 Bd3 27. Bb1 Ne5 28.
Bd4 Bxb1 29. Rxb1 h6 30. Ne4 Nd3 31. Qg4 Be5 32. Nf6+ Kh8 33. Nxe8 Qxe8 34. d6 Bxd4 35. Qxd4 Qd7 36. b3 f6 37. bxc4 bxc4 38. Qxc4 Ne5 39.
Rb8+ Kh7 40. Qg8# 1-0

[Event "Late-Titled-Tuesday-Blitz-June-25-2024"]
[Site "Chess.com"]
[Date "2024.06.25"]
[Round "2"]
[White "subham777"]
[Black "nitpicker"]
[Result "1-0"]
[WhiteElo "2535"]
[BlackElo "2325"]
[TimeControl "180+1"]
[EndTime "14:16:32 PDT"]
[Termination "subham777 won on time"]

1. e4 c5 2. Nf3 Nc6 3. Bb5 Nf6 4. d3 g6 5. O-O Bg7 6. Re1 O-O 7. c3 d5 8. exd5 Nxd5 9. Nbd2 Nf4 10. Ne4 Ne6 11. Nfg5 Qb6 12. Bc4 Nxg5 13. Nxg5 Ne5 14. Bb3 Bf5 15.
d4 cxd4 16. cxd4 Rad8 17. Be3 Nd3 18. Re2 Bxd4 19. Bxd4 Rxd4 20. Qf1 Qf6 21. Nf3 Rd6 22. Rd1 Nxb2 23. Rxd6 exd6 24. Qa1 Bg4 25. Qxb2 Qf4 26. Qd2 Qf6 27. Qd4 Qf5 28. Bc2 Qh5 29. Qf4 Rc8 30.
Bb3 Bxf3 31. Qxf7+ 1-0

[Event "Late-Titled-Tuesday-Blitz-June-25-2024"]
[Site "Chess.com"]
[Date "2024.06.25"]
[Round "2"]
[White "osielchesslover2011"]
[Black "Jagerrmeisterr"]
[Result "0-1"]
[WhiteElo "2189"]
[BlackElo "2656"]
[TimeControl "180+1"]
[EndTime "14:16:33 PDT"]
[Termination "Jagerrmeisterr won on time"]

1. e4 c6 2. d4 d5 3. Nc3 dxe4 4. Nxe4 Nf6 5. Ng3 h5 6. h4 e5 7.
Nf3 exd4 8. Nxd4 Bc5 9. Be3 Qb6 10. Qe2 O-O 11. O-O-O Re8 12. Nxh5 Ng4 13. Qf3 Nxe3 14. fxe3 Nd7 15. Qg3 Bf8 16. Nf5 g6 17. Nh6+ Bxh6 18. Nf4 Rxe3 19. Qg4 Nf6 0-1

[Event "Late-Titled-Tuesday-Blitz-June-25-2024"]
[Site "Chess.com"]
[Date "2024.06.25"]
[Round "2"]
[White "skychen007"]
[Black "ALRS-SPS"]
[Result "0-1"]
[WhiteElo "2010"]
[BlackElo "2444"]
[TimeControl "180+1"]
[EndTime "14:16:34 PDT"]
[Termination "ALRS-SPS won by resignation"]

1. d4 Nf6 2. Nc3 d5 3. Bf4 c6 4. e3 g6 5. h4 h5 6. Nf3 Bg7 7.
Ne5 O-O 8. Be2 Ne4 9. Nxe4 dxe4 10. g4 hxg4 11. Bxg4 Bxg4 12. Qxg4 Qc8 13. Qg2 Qf5 14. h5 Bxe5 15. Bxe5 g5 16. O-O-O Nd7 17. Rh4 f6 18.
Bh2 Qf3 19. Rg1 Kf7 20. Qxf3 exf3 21. Rh3 Rh8 22. Rxf3 Rxh5 23. Bg3 Rah8 24. e4 Rh1 25. Rxh1 Rxh1+ 26. Kd2 Nb6 27. b3 Ra1 28. a4 Nd7 29. Rd3 Rh1 30. c4 Ra1 31. c5 Ra2+ 32. Kc3 Ra1 33.
b4 Ra3+ 34. Kc4 b5+ 35. axb5 cxb5+ 36. Kxb5 Rxd3 37. c6 Nb6 38. Bc7 Nc8 39. d5 0-1